Map: World of Sleepers LE

Players

Namshar - Winner!

  • Race: Zerg Zerg
  • Spawn Location: 7:00

DisReSpeCT

  • Race: Terran Terran
  • Spawn Location: 1:00

VOD

Have the link to the VOD?

Description

Time

  • Played on: Sept. 6, 2019, 12:27 p.m.
  • Length: 11:12
Show
View Real Time Build Order
Export as new Build Order

Namshar Zerg - Winner!

Build Orders: Hatch First 

Get SALT Encoding   

  12  0:00  Drone  
  13  0:13  Overlord  
  13  0:17  Drone  
  14  0:31  Drone x2  
  16  0:47  Hatchery  
  15  0:51  Drone  
  15  0:54  Drone  
  17  0:57  Drone  
  18  1:08  Extractor  
  17  1:12  Spawning Pool  
  17  1:16  Drone  
  17  1:18  Drone  
  18  1:30  Drone  
  19  1:39  Drone  
  20  1:50  Drone  
  21  1:59  Queen x2  
  21  2:00  Overlord, Zergling x2  
  26  2:10  Zergling x2  
  26  2:11  Drone  
  28  2:20  Metabolic Boost  
  28  2:21  Drone  
  28  2:22  Drone  
  30  2:35  Overlord, Queen  
  32  2:40  Drone  
  33  2:49  Drone  
  33  2:50  Drone  
  35  2:54  Overlord  
  35  2:55  Pneumatized Carapace, Drone  
  36  3:10  Hatchery  
  35  3:13  Drone x4  
  40  3:20  Drone x2  
  40  3:24  Drone  
  40  3:25  Queen  
  44  3:34  Drone  
  44  3:35  Overlord  
  44  3:37  Drone  
  44  3:41  Queen  
  46  3:47  Overlord  
  49  3:48  Drone x3  
  49  3:51  Zergling x2  
  49  3:54  Zergling x2  
  53  3:56  Zergling x2  
  53  4:00  Roach Warren  
  53  4:03  Drone x2  
  55  4:10  Overlord  
  55  4:11  Baneling Nest  
  55  4:16  Overlord  
  55  4:19  Spore Crawler  
  55  4:21  Drone x3  
  55  4:22  Drone  
  58  4:27  Zergling x2  
  58  4:28  Zergling x2  
  60  4:36  Queen  
  62  4:43  Drone x6  
  68  4:53  Drone x5  
  68  4:58  Overlord  
  68  4:59  Drone  
  74  5:00  Drone x4  
  78  5:13  Extractor  
  77  5:14  Extractor, Evolution Chamber  
  77  5:16  Evolution Chamber  
  77  5:17  Extractor, Drone x5  
  77  5:18  Extractor  
  77  5:24  Overlord  
  77  5:25  Drone x2  
  77  5:26  Lair  
  79  5:33  Queen  
  81  5:36  Hatchery  
  81  5:38  Overlord  
  81  5:39  Drone  
  81  5:40  Drone x4  
  85  5:44  Zergling x4  
  85  5:45  Zergling x2  
  85  5:48  Zerg Ground Armor Level 1, Zerg Melee Weapons Level 1  
  88  5:50  Zergling x6  
  88  5:55  Overlord  
  88  5:56  Extractor  
  90  5:58  Drone x3  
  93  6:10  Drone  
  94  6:12  Drone  
  94  6:17  Drone  
  96  6:19  Baneling x6  
  96  6:20  Zergling x16, Baneling  
  96  6:23  Hatchery  
  103  6:30  Centrifical Hooks  
  103  6:34  Hydralisk Den, Drone x6  
  103  6:35  Baneling  
  103  6:37  Infestation Pit, Zergling x2  
  107  6:49  Drone  
  107  6:50  Roach Warren  
  107  6:51  Infestation Pit  
  107  6:52  Queen  
  109  6:54  Zergling x16  
  109  6:57  Queen  
  109  6:59  Unknown  
  117  7:02  Zergling x4  
  117  7:05  Overlord x3  
  110  7:25  Zergling x12  
  110  7:29  Muscular Augments, Hive  
  104  7:31  Drone  
  104  7:32  Drone x8  
  113  7:43  Unknown  
  112  7:48  Zerg Ground Armor Level 2  
  112  7:49  Zerg Missile Weapons Level 1  
  112  7:51  Baneling  
  112  7:52  Baneling x4  
  112  7:55  Overseer  
  112  8:10  Overlord x2, Drone  
  112  8:11  Spire, Glial Reconstitution  
  112  8:13  Overlord  
  112  8:14  Hydralisk  
  112  8:15  Hydralisk x5  
  112  8:17  Hatchery  
  112  8:18  Baneling  
  112  8:19  Baneling x2  
  123  8:23  Hydralisk x3  
  127  8:32  Hydralisk x4  
  135  8:40  Spine Crawler, Grooved Spines, Drone x2  
  136  8:42  Overlord  
  136  8:43  Spine Crawler  
  136  8:44  Drone x2  
  137  8:55  Hydralisk x6  
  137  9:01  Overlord x2  
  149  9:04  Baneling x2  
  149  9:11  Viper x5  
  149  9:12  Viper  
  167  9:18  Viper  
  170  9:24  Baneling x6  
  170  9:25  Overlord x2  
  170  9:38  Hydralisk x8  
  170  9:44  Hydralisk  
  170  9:45  Zergling x16  
  180  9:53  Hydralisk  
  180  9:54  Hydralisk x4  
  180  10:00  Hydralisk, Zergling x8  
  180  10:06  Spine Crawler  
  179  10:09  Spine Crawler  
  179  10:11  Drone x2  
  179  10:12  Drone  
  179  10:13  Drone x5  
  185  10:21  Baneling x7  
  185  10:33  Baneling x5  
  185  10:34  Zergling x20  
  185  10:35  Zergling x2  
  196  10:36  Baneling  
  196  10:37  Baneling x5  
  188  10:50  Zergling x20  
  188  10:54  Zergling x2  
Show
View Real Time Build Order
Export as new Build Order

DisReSpeCT Terran 

Build Orders: Gas First Reaper Expand, Liberator Opening 

Get SALT Encoding   

  12  0:00  SCV  
  13  0:12  SCV  
  14  0:17  Supply Depot  
  14  0:24  SCV  
  15  0:29  Refinery  
  15  0:38  SCV  
  16  0:44  Barracks  
  16  0:50  SCV  
  17  1:02  SCV  
  18  1:15  SCV  
  19  1:30  Orbital Command  
  19  1:31  Reaper  
  20  1:41  Command Center  
  20  1:53  Factory  
  20  1:57  SCV  
  21  2:09  SCV, Barracks Reactor  
  21  2:13  Supply Depot  
  21  2:15  Refinery  
  22  2:21  SCV  
  23  2:35  SCV  
  24  2:46  Starport  
  24  2:47  SCV  
  25  2:53  Orbital Command  
  25  2:54  Hellion  
  25  2:56  Hellion  
  29  2:59  SCV  
  30  3:07  Liberator  
  30  3:10  Marine  
  30  3:11  SCV  
  32  3:16  Hellion  
  32  3:18  Hellion  
  32  3:19  SCV  
  37  3:26  SCV  
  41  3:32  Supply Depot  
  41  3:35  Barracks Tech Lab  
  41  3:41  Hellion x2  
  45  3:42  SCV  
  46  3:54  SCV  
  46  3:55  Marine, Supply Depot  
  48  3:56  SCV  
  49  4:14  SCV  
  49  4:15  SCV  
  51  4:18  Command Center  
  51  4:25  Supply Depot  
  51  4:26  SCV  
  51  4:27  SCV  
  53  4:33  Factory x2  
  53  4:38  SCV  
  53  4:40  SCV  
  53  4:43  Refinery  
  53  4:44  Refinery  
  55  4:51  SCV  
  55  4:52  SCV  
  57  4:53  Supply Depot, Starport Tech Lab  
  57  4:54  Hellion x2  
  61  5:03  SCV  
  62  5:11  SCV  
  63  5:15  SCV, Armory x2  
  64  5:23  SCV  
  64  5:25  Supply Depot  
  64  5:27  SCV  
  66  5:30  Cyclone x2  
  66  5:31  Hellion  
  66  5:35  SCV  
  75  5:36  Mag-Field Accelerator  
  75  5:39  SCV  
  75  5:40  Orbital Command  
  76  5:45  Infernal Pre-Igniter  
  76  5:47  SCV  
  77  5:55  Hellion  
  77  5:56  Hellion  
  81  6:02  Cyclone  
  81  6:03  Cyclone  
  87  6:06  Orbital Command  
  87  6:16  SCV, Terran Vehicle And Ship Armor Level 1, Terran Vehicle Weapons Level 1  
  87  6:17  SCV, Hellion x2  
  93  6:27  Supply Depot  
  93  6:29  Supply Depot x2  
  93  6:34  SCV  
  93  6:35  Cyclone, Hellion  
  99  6:51  Hellion x2  
  103  6:54  SCV  
  103  6:55  SCV x2  
  103  6:56  Cyclone  
  109  7:07  Cyclone  
  109  7:09  SCV  
  109  7:13  Factory x2, Hellion  
  108  7:24  Hellion  
  108  7:25  SCV x2  
  108  7:26  SCV  
  108  7:28  Cyclone, Refinery  
  108  7:29  Refinery  
  93  7:34  Hellion  
  93  7:36  Smart Servos  
  93  7:37  SCV x2  
  96  7:39  Cyclone  
  96  7:43  SCV  
  101  7:49  SCV x2  
  101  7:50  Command Center  
  103  8:01  Cyclone  
  103  8:02  Factory Reactor  
  103  8:03  Factory Tech Lab  
  103  8:04  SCV x2  
  103  8:05  SCV  
  109  8:11  Cyclone, Supply Depot  
  109  8:12  Supply Depot  
  112  8:16  SCV  
  113  8:23  Cyclone, Hellion x2  
  112  8:29  SCV x3, Factory  
  112  8:30  Factory  
  112  8:33  Cyclone, Factory  
  118  8:39  Terran Vehicle Weapons Level 2, Supply Depot  
  119  8:41  SCV x2  
  119  8:43  Hellion  
  122  8:52  Terran Vehicle And Ship Armor Level 2  
  122  8:55  Cyclone  
  125  9:04  Hellion x2  
  125  9:05  SCV x2, Hellion x2  
  135  9:11  Supply Depot x2  
  135  9:24  Factory Tech Lab x2, Supply Depot  
  135  9:25  Factory Tech Lab, SCV, Supply Depot  
  135  9:27  SCV  
  135  9:29  Cyclone x3, Hellion  
  135  9:30  Hellion x3  
  152  9:41  Unknown  
  152  9:48  Cyclone x2  
  152  9:49  Hellion  
  152  9:51  Hellion x3  
  166  9:59  Hellion  
  149  10:01  Cyclone x2, Hellion  
  143  10:07  SCV  
  143  10:08  SCV  
  143  10:09  Engineering Bay  
  143  10:10  Hellion  
  143  10:12  Hellion x2  
  143  10:13  SCV  
  144  10:20  Cyclone x2  
  149  10:25  Starport x2  
  149  10:33  Command Center  
  149  10:35  Supply Depot  
  149  10:44  Missile Turret x2  
Tags
 
Add a new tag
Caveats
  • Supply blocks, unpowered buildings, or Contaminate may cause inaccurate times.
  • Supply counts are checked every 10 seconds.